 Dungeon Crawl Stone Soup version 0.29.1-2-gbd0b4ee654 (webtiles) character file.

Game seed: 9375942094644499436

14443 Icepheonix32 the Transmogrifier (level 11, -3/77 HPs)
             Began as a Demigod Transmuter on Nov 4, 2022.
             Slain by a guardian serpent (15 damage)
             ... on level 2 of the Lair of Beasts on Nov 5, 2022.
             The game lasted 00:33:35 (14565 turns).

Icepheonix32 the Transmogrifier (DgTm)             Turns: 14565, Time: 00:33:36

Health: -3/77      AC: 13    Str: 15    XL:     11   Next: 58%
Magic:  0/26       EV: 15    Int: 27    God:
Gold:   227        SH:  0    Dex: 18    Spells: 3/24 levels left

rFire   + . .      SeeInvis .     - Unarmed
rCold   . . .      Faith    .   (shield currently unavailable)
rNeg    + + .      Spirit   +   C - +1 steam dragon scales
rPois   .          Reflect  .   (no helmet)
rElec   .          Harm     .   l - +2 cloak
rCorr   .          Rampage  .   (gloves currently unavailable)
Will    ++...                   (no boots)
Stlth   ++........              u - amulet of guardian spirit
HPRegen 0.22/turn               c - +4 ring of protection
MPRegen 0.20/turn               w - ring of Fatigue {rF+ rN++ Will+ Int+8}

@: blade hands, wereblooded
A: high MP 1, forlorn, divine attributes
a: End Transformation


You were on level 2 of the Lair of Beasts.
You had blades for hands.
You visited 2 branches of the dungeon, and saw 13 of its levels.

You collected 653 gold pieces.
You spent 426 gold pieces at shops.

Inventory:

Missiles
 g - 4 boomerangs
 F - 26 poisoned darts
Armour
 a - a +1 robe
 k - a +0 pair of gloves (melded)
 l - a +2 cloak (worn)
 t - an orb of wrath
 C - +1 steam dragon scales (worn)
Jewellery
 c - a +4 ring of protection (left blade hand)
 f - the ring of Moeq {rElec rC++ MP+9}
   (You bought it in a shop on level 3 of the Dungeon)

   [ring of magical power]

   rC:        It greatly protects you from cold.
   rElec:     It insulates you from electricity.
   MP:        It affects your magic capacity (+9).
 s - a ring of positive energy
 u - an amulet of guardian spirit (around neck)
 w - the ring of Fatigue (right blade hand) {rF+ rN++ Will+ Int+8}
   (You acquired it on level 6 of the Dungeon)

   [ring of willpower]

   Int:       It affects your intelligence (+8).
   rF:        It protects you from fire.
   rN:        It greatly protects you from negative energy.
   Will:      It increases your willpower.
 J - an amulet of reflection
Wands
 h - a wand of charming (7)
 q - a wand of polymorph (12)
Scrolls
 d - a scroll of amnesia
 i - 4 scrolls of magic mapping
 n - 5 scrolls of butterflies
 o - 2 scrolls of fear
 r - 4 scrolls of teleportation
 v - 2 scrolls of brand weapon
 y - a scroll of silence
 D - a scroll of identify
 H - a scroll of immolation
 I - a scroll of enchant weapon
Potions
 b - a potion of lignification
 e - 4 potions of brilliance
 j - a potion of flight
 m - 3 potions of heal wounds
 p - a potion of haste
 x - 2 potions of degeneration
 z - a potion of curing
 A - a potion of might
 B - a potion of berserk rage
 E - 2 potions of mutation
 G - a potion of ambrosia


   Skills:
 - Level 1.0 Fighting
 * Level 5.4 Dodging
 - Level 0.3 Stealth
 * Level 9.0 Unarmed Combat
 + Level 7.4 Spellcasting
 + Level 0.4 Conjurations
 * Level 9.9 Transmutations
 + Level 5.2 Ice Magic
 + Level 3.5 Air Magic
 + Level 4.3 Poison Magic


You had 3 spell levels left.
You knew the following spells:

 Your Spells              Type           Power      Damage    Failure   Level
a - Beastly Appendage     Tmut           100%       N/A       7%          1
b - Spider Form           Tmut/Pois      48%        N/A       14%         3
c - Wereblood             Tmut           59%        N/A       8%          2
d - Ice Form              Ice/Tmut       50%        N/A       24%         4
e - Mephitic Cloud        Conj/Pois/Air  25%        N/A       34%         3
f - Blade Hands           Tmut           29%        N/A       24%         5
g - Swiftness             Air            29%        N/A       30%         3

Your spell library contained the following spells:

 Spells                   Type           Power      Damage    Failure   Level
 Shock                    Conj/Air       80%        1d8       24%         1
 Magic Dart               Conj           48%        1d5       32%         1
 Call Imp                 Summ           9%         N/A       43%         2
 Scorch                   Fire           18%        2d5       43%         2
 Portal Projectile        Hex/Tloc       18%        N/A       58%         3
 Tukima's Dance           Hex            9%         N/A       58%         3
 Airstrike                Air            14%        2d(3-19)  52%         4
 Flame Wave               Conj/Fire      11%        2d6       85%         4
 Summon Cactus Giant      Summ           4%         N/A       100%        6


Dungeon Overview and Level Annotations

Branches:
Dungeon (11/15)            Temple (0/1) D:6            Lair (2/5) D:10
  Snake (0/4) Lair:2
  Swamp: Lair:2-3    Shoals: Lair:2-3       Orc: D:9-12

Shops:
D:3 *   D:4 !

Annotations:
D:7 1 runed translucent door, LustLizard's ghost, novice SpAM
D:10 3 runed translucent doors, quakins's ghost, journeyman TrTm


Innate Abilities, Weirdness & Mutations

You have blades for hands.
Your spellcasting is less reliable in this form.
You are incapable of wielding weapons or throwing items.
You have an increased reservoir of magic. (+10% MP)
You shall have no god before yourself.
Your divine heritage dramatically boosts your attributes as you level up.


Message History

Unknown command.
The death yak attacks as you move away! The death yak gores you.
* * * LOW HITPOINT WARNING * * *
The black bear bites the komodo dragon.
The black bear claws the komodo dragon but does no damage. x2
Unknown command.
The death yak attacks as you move away!
The death yak gores you but does no damage.
Your surroundings suddenly seem different.
A guardian serpent and 2 yaks come into view.
Found 9 stones.
Found a stone staircase leading down and a staircase to the Snake Pit.
Unknown command.
You feel much better.
A yak comes into view.
Casting: Blade Hands (quite dangerous; 24% risk of failure)
Confirm with . or Enter, or press ? or * to list all spells.
Your blood is infused with primal strength.
The guardian serpent shouts!
Unknown command.
You slash the yak!
The yak is moderately wounded.
The yak barely misses you.
You hit the yak but do no damage.
The yak is moderately wounded.
The yak gores you!
You are too injured to fight recklessly!
You are too injured to fight recklessly!
You are too injured to fight recklessly!
You are too injured to fight recklessly!
You slash the yak!
The yak is heavily wounded.
The guardian serpent hits you!
* * * LOW HITPOINT WARNING * * *
You hit the yak. You slash the yak!
The yak is almost dead.
The yak gores you!
* * * LOW HITPOINT WARNING * * *
The yak gores you but does no damage. The guardian serpent hits you!
You die...

# .#..
.......... h...
..... P.. .
l.$. .........
# .. ####
......... .#...
.....Y#.##.....
...............
#..YY.......
#...@.......
##..S......(
#...........
#....###.##.
#.....# #
#.......
#.#..>.#
.......#


You could see a guardian serpent and 3 yaks.

Vanquished Creatures
  3 hydras
  4 two-headed ogres
  A deep troll (shapeshifter) (D:9)
  A cane toad (Lair:2)
  2 komodo dragons (Lair:1)
  A freezing wraith (D:9)
  2 dream sheep (D:9)
  2 vampires (D:9)
  Sigmund (D:6)
  A wyvern (D:9)
  A steam dragon (D:8)
  13 yaks
  Eustachio (D:4)
  An acid dragon (D:9)
  Duvessa (D:6)
  4 water moccasins
  2 orc warriors (D:7)
  4 ice beasts
  3 black bears
  2 ogres
  A centaur (D:10)
  5 wolves (Lair:2)
  2 phantoms (D:5)
  7 kobold brigands
  2 necrophages
  A gnoll sergeant (D:5)
  9 bullfrogs
  4 scorpions
  13 wights
  Dowan (D:6)
  A killer bee (D:9)
  4 howler monkeys
  2 jellies
  A hound (D:6)
  A gnoll bouda (D:8)
  3 orc priests
  5 iguanas
  2 hell rats (Lair:1)
  14 orc wizards
  14 gnolls
  5 adders
  7 river rats (Lair:1)
  2 white imps
  An ufetubus (D:5)
  3 worms
  4 dart slugs
  26 orcs
  9 bats
  16 endoplasms
  3 giant cockroaches
  5 hobgoblins
  33 kobolds
  4 quokkas
  4 ball pythons
  3 frilled lizards (D:1)
  11 goblins
  3 rats
281 creatures vanquished.

Vanquished Creatures (others)
  A wizard (D:8)
  12 fungi
  10 plants
  10 toadstools (D:4)
  2 withered plants (D:7)
35 creatures vanquished.

Grand Total: 316 creatures vanquished

Notes
Turn   | Place    | Note
-------+----------+-------------------------------------------
     0 | D:1      | Icepheonix32 the Demigod Transmuter began the quest for the
                  | Orb.
     0 | D:1      | Reached XP level 1. HP: 15/15 MP: 5/5
   140 | D:1      | Reached XP level 2. HP: 21/22 MP: 7/7
   670 | D:1      | Reached XP level 3. HP: 20/27 MP: 8/8
  1387 | D:2      | Reached XP level 4. HP: 20/34 MP: 8/10
  1630 | D:2      | Reached skill level 1 in Fighting
  1848 | D:3      | Learned a level 3 spell: Spider Form
  1851 | D:3      | Learned a level 2 spell: Wereblood
  1952 | D:3      | Found Tyvit's Assorted Antiques.
  1964 | D:3      | Bought a warped lead ring for 100 gold pieces
  1964 | D:3      | Identified the ring of Moeq {rElec rC++ MP+9} (You bought
                  | it in a shop on level 3 of the Dungeon)
  2767 | D:4      | Found Mycoap's Distillery.
  2812 | D:4      | Noticed an ogre
  2812 | D:4      | Noticed Eustachio
  2985 | D:4      | Noticed a necrophage
  2998 | D:4      | Killed a necrophage
  2999 | D:4      | Reached skill level 1 in Poison Magic
  2999 | D:4      | Reached XP level 5. HP: 28/40 MP: 12/12
  3307 | D:4      | Learned a level 4 spell: Ice Form
  3352 | D:4      | Killed an ogre
  3353 | D:4      | Reached XP level 6. HP: 47/47 MP: 14/14
  3450 | D:4      | Noticed a water moccasin
  3482 | D:4      | Killed a water moccasin
  3517 | D:4      | Killed Eustachio
  3518 | D:4      | Reached skill level 1 in Ice Magic
  4030 | D:4      | Reached XP level 7. HP: 52/52 MP: 16/16
  4099 | D:4      | Reached skill level 5 in Transmutations
  4342 | D:5      | Entered Level 5 of the Dungeon
  4682 | D:5      | Learned a level 3 spell: Mephitic Cloud
  4797 | D:5      | Reached XP level 8. HP: 42/59 MP: 18/18
  5304 | D:4      | Bought a potion of heal wounds for 55 gold pieces
  5316 | D:3      | Bought a scroll labelled QOCO ZEMENE for 20 gold pieces
  5316 | D:3      | Bought a scroll labelled KAEWOF JEKKU for 20 gold pieces
  5378 | D:6      | Identified the +4 scale mail of Cuaweur {rPois}
  5387 | D:6      | Noticed Sigmund
  5397 | D:6      | Killed Sigmund
  5398 | D:6      | Reached skill level 1 in Air Magic
  5536 | D:6      | Reached skill level 5 in Spellcasting
  5686 | D:6      | Noticed Dowan
  5714 | D:6      | Killed Dowan
  5946 | D:6      | Found a staircase to the Ecumenical Temple.
  6011 | D:6      | Noticed Duvessa
  6023 | D:6      | Killed Duvessa
  6424 | D:6      | Identified a scroll of acquirement
  6424 | D:6      | Acquired the ring of Fatigue {rF+ rN++ Will+ Int+8}
  6616 | D:7      | Reached XP level 9. HP: 62/64 MP: 3/20
  7057 | D:7      | Found a runed translucent door.
  7057 | D:7      | Noticed LustLizard's ghost (novice SpAM)
  8730 | D:8      | Reached skill level 5 in Ice Magic
  8864 | D:8      | Reached XP level 10. HP: 71/71 MP: 13/23
  8955 | D:8      | Noticed a wizard
  8960 | D:8      | Killed a wizard
  9277 | D:4      | Bought 2 potions of heal wounds for 110 gold pieces
  9277 | D:4      | Bought a potion of curing for 33 gold pieces
  9277 | D:4      | Bought a potion of mutation for 88 gold pieces
  9680 | D:9      | Learned a level 5 spell: Blade Hands
 10278 | D:9      | Noticed a two-headed ogre
 10289 | D:9      | Killed a two-headed ogre
 10604 | D:9      | Noticed a three-headed hydra
 10614 | D:9      | Killed a four-headed hydra
 10615 | D:9      | Reached skill level 5 in Unarmed Combat
 11356 | D:9      | Noticed a two-headed ogre
 11367 | D:9      | Killed a two-headed ogre
 11500 | D:9      | Noticed a deep troll
 11514 | D:9      | Killed a deep troll
 12119 | D:9      | Noticed a two-headed ogre
 12126 | D:9      | Killed a two-headed ogre
 12127 | D:9      | Reached XP level 11. HP: 54/77 MP: 14/25
 12324 | D:9      | Learned a level 3 spell: Swiftness
 12389 | D:10     | Entered Level 10 of the Dungeon
 12495 | D:10     | Noticed a two-headed ogre
 12501 | D:10     | Killed a two-headed ogre
 12767 | D:10     | Found a staircase to the Lair.
 13002 | D:10     | Found a runed translucent gate.
 13002 | D:10     | Found a runed translucent gate.
 13003 | D:10     | Found a runed translucent gate.
 13003 | D:10     | Noticed quakins's ghost (journeyman TrTm)
 13318 | Lair:1   | Entered Level 1 of the Lair of Beasts
 13358 | Lair:1   | Noticed a six-headed hydra
 13358 | Lair:1   | Noticed an eight-headed hydra
 13372 | Lair:1   | Killed a six-headed hydra
 13377 | Lair:1   | Killed an eight-headed hydra
 13378 | Lair:1   | Reached skill level 5 in Dodging
 14541 | Lair:2   | Noticed a death yak
 14541 | Lair:2   | Noticed a death yak
 14546 | Lair:2   | Noticed a death yak
 14547 | Lair:2   | Noticed a death yak
 14549 | Lair:2   | Noticed a death yak
 14559 | Lair:2   | Found a staircase to the Snake Pit.
 14565 | Lair:2   | Slain by a guardian serpent

Illustrated notes

Levels and vault maps discovered:
D:1:      dpeg_arrival_arbitrary_c, layout_rooms
D:2:      layout_basic
D:3:      layout_loops_ring, ashenzari_altar_1, vehumet_crystals,
          shapermc_ecumenical_altar_venn, serial_shops,
          nicolae_shop_hallway_plus
D:4:      cheibrodos_fertilizer, layout_basic,
          nicolae_gozag_cash_rules_everything_around_me,
          nicolae_hepliaklqana_hazy_memory, serial_shops,
          nicolae_shop_temple_entry_statues_fountains,
          corexii_item_surrounded_by_moat, uniq_eustachio
D:5:      layout_rooms
D:6:      nicolae_cairo_tiling, layout_basic,
          minmay_temple_entry_gardened_gates, uniq_duvessa, uniq_sigmund
D:7:      layout_cave_pods, fedhas_ov_isle_minmay, gammafunk_ghost_grave
D:8:      layout_basic, trog_wizard, lemuel_doored_altar
D:9:      minmay_opposing_rooms, layout_basic, mainiacjoe_overflow_brackets,
          hangedman_ranch
D:10:     layout_roguey, nicolae_qazlal_eye_of_the_storm, lair_entry_dummy,
          gammafunk_ghost_ooze, serial_bayou_pond_a
D:11:     layout_roguey, orc_0_dummy, minmay_diamond_spiral
Lair:1:   layout_misc_corridors, st_stairs_12, kennysheep_rathole,
          grunt_megastairs_3
Lair:2:   layout_chaotic_city, elwin_shoals_entry_rocks,
          minmay_snake_entry_spellcaster

Skill      XL: |  1  2  3  4  5  6  7  8  9 10 11 |
---------------+----------------------------------+-----
Unarmed Combat | 3 6 9 |  9.0
Transmutations | 2 3 4 6 7 8 9 |  9.9
Spellcasting   | 2 3 4 5 6 7 |  7.4
Dodging        | 2 4 5 |  5.4
Fighting       | 1 |  1.0
Poison Magic   | 1 2 3 4 |  4.3
Ice Magic      | 1 2 3 5 |  5.2
Air Magic      | 2 3 |  3.5
Stealth        | |  0.3
Conjurations   | |  0.4

Action                   |  1- 3 |  4- 6 |  7- 9 | 10-12 || total
-------------------------+-------+-------+-------+-------++-------
Melee: Unarmed           |    96 |   166 |   389 |   286 ||   937
       Kick              |    25 |    27 |       |       ||    52
       Headbutt          |    14 |    19 |     1 |       ||    34
       Punch             |       |     1 |     1 |    15 ||    17
 Cast: Beastly Appendage |    22 |    23 |     1 |       ||    46
       Spider Form       |       |     9 |    24 |       ||    33
       Wereblood         |       |     3 |     7 |     7 ||    17
       Ice Form          |       |       |    20 |     5 ||    25
       Mephitic Cloud    |       |       |     7 |     4 ||    11
       Blade Hands       |       |       |       |    24 ||    24
 Abil: End Transformatio |       |     1 |     2 |       ||     3
  Use: Scroll            |       |     6 |     5 |    11 ||    22
       Potion            |       |     3 |     1 |     7 ||    11
 Stab: Sleeping          |       |     1 |     3 |       ||     4
       Confused          |       |       |     7 |     2 ||     9
Armor: Robe              |    37 |    44 |     9 |       ||    90
       Skin              |       |     8 |   137 |    66 ||   211
       Steam dragon scal |       |       |       |    78 ||    78
Dodge: Dodged            |    63 |   117 |   285 |   191 ||   656
